 Dungeon Crawl Stone Soup version 0.25-a0-246-g58704a1ebd (webtiles) character file.

Game seed: 11826207754261344867, levelgen mode: classic

47416 Borgoz the Fighter (level 14, -22/92 HPs)
             Began as a Gargoyle Fighter on Dec 3, 2019.
             Was the Champion of Okawaru.
             Killed from afar by a wizard (51 damage)
             ... with a crystal spear
             ... on level 15 of the Dungeon.
             The game lasted 00:41:33 (17510 turns).

Borgoz the Fighter (Gargoyle Fighter)              Turns: 17510, Time: 00:41:33

Health: -22/92     AC: 42    Str: 27    XL:     14   Next: 41%
Magic:  6/7        EV: 12    Int: 17    God:    Okawaru [******]
Gold:   257        SH: 15    Dex: 13    Spells: 19/23 levels left

rFire    + + +     SeeInvis +   a - +4 mace of the Bear {antimagic, *Drain +Blink rN+ MR+ Dex+3}
rCold    + . .     Gourm    .   c - +0 shield
rNeg     + + .     Faith    .   v - +7 chain mail of Moxzoiv {rCorr}
rPois    ∞         Spirit   .   b - +2 helmet {Int+3}
rElec    +         Reflect  .   s - scarf {rC+ rF+}
rCorr    +         Harm     .   I - +1 pair of gloves {archery}
MR       ++...                  w - +2 pair of boots
Stlth    ..........             n - amulet "Alaochuy" {Acrobat rPois rF+++ MR- Int+4 SInv}
HPRegen  0.25/turn              t - +4 ring of strength
MPRegen  0.10/turn              A - ring "Muokh" {Wiz MR+}

@: heroism, marked, flying, lightly drained
A: big wings, negative energy resistance 1, electricity resistance, unbreathing,
petrification resistance, rot immunity, AC +10
a: Stop Flying, Heroism, Finesse, Renounce Religion, Evoke Blink


You were on level 15 of the Dungeon.
You worshipped Okawaru.
Okawaru was exalted by your worship.
You were not hungry.

You visited 2 branches of the dungeon, and saw 16 of its levels.
You also visited: Gauntlet.

You collected 1205 gold pieces.
You spent 948 gold pieces at shops.

Inventory:

Hand Weapons
 a - the +4 mace of the Bear (weapon) {antimagic, *Drain +Blink rN+ MR+ Dex+3}
   (Okawaru gifted it to you on level 11 of the Dungeon)

   It reduces the magical energy of the wielder, and disrupts the spells and
   magical abilities of those hit.
   Natural abilities and divine invocations are not affected.
   It affects your dexterity (+3).
   It protects you from negative energy.
   It affects your resistance to hostile enchantments.
   It lets you blink.
   It causes draining when unequipped.
 D - the +10 halberd "Besmej" {chop, *Corrode +Blink rC++ SInv, unknown}
   (You found it in a Gauntlet)

   It inflicts extra damage upon your enemies.
   It greatly protects you from cold.
   It lets you see invisible.
   It lets you blink.
   It may corrode you when you take damage.
Armour
 b - a +2 helmet of intelligence (worn)
 c - a +0 shield (worn)
 g - a +1 plate armour of cold resistance
 s - a scarf of resistance (worn)
 v - the +7 chain mail of Moxzoiv (worn) {rCorr}
   (You found it on level 7 of the Dungeon)

   It provides partial protection from all sources of acid and corrosion.
 w - a +2 pair of boots (worn)
 I - a +1 pair of gloves of archery (worn)
 L - a +2 plate armour of fire resistance
Jewellery
 l - an uncursed ring of magical power
 n - the amulet "Alaochuy" (around neck) {Acrobat rPois rF+++ MR- Int+4 SInv}
   (You found it in a Gauntlet)

   [amulet of the acrobat]

   It helps you evade while moving and waiting.
   It affects your intelligence (+4).
   It renders you almost immune to fire.
   It protects you from poison.
   It affects your resistance to hostile enchantments.
   It lets you see invisible.
 t - a +4 ring of strength (left hand)
 y - an uncursed ring of positive energy
 A - the ring "Muokh" (right hand) {Wiz MR+}
   (You found it in a Gauntlet)

   [ring of wizardry]

   It improves your spell success rate.
   It affects your resistance to hostile enchantments.
 K - an uncursed ring of protection from fire
 N - an uncursed ring of resist corrosion
Wands
 d - a wand of polymorph (8)
 r - a wand of acid (12)
 u - a wand of clouds (5)
 x - a wand of digging (3)
 B - a wand of paralysis (12)
 C - a wand of random effects (14)
Scrolls
 e - 3 scrolls of enchant armour
 h - 19 scrolls of remove curse
 k - 4 scrolls of amnesia
 m - 8 scrolls of teleportation
 F - a scroll of fear
 G - 2 scrolls of fog {unknown}
 H - a scroll of summoning {unknown}
 O - 2 scrolls of magic mapping
Potions
 j - 3 potions of might
 p - 2 potions of curing
 q - 3 potions of brilliance
 z - 2 potions of flight
 J - a potion of haste
 M - a potion of mutation
Miscellaneous
 o - a sack of spiders
 E - a phantom mirror
Comestibles
 f - 28 rations


   Skills:
 + Level 12.6(17.5) Fighting
 * Level 11.9(16.9) Maces & Flails
 + Level 12.5(17.5) Armour
 + Level 12.2(17.2) Shields
 - Level 5.0(4.9) Spellcasting
 + Level 5.7(5.6) Hexes
 + Level 5.0 Invocations
 - Level 3.0 Evocations


You had 19 spell levels left.
You knew the following spells:

 Your Spells              Type           Power        Failure   Level  Hunger
a - Confusing Touch       Hex            ###...       1%          1    None
b - Confuse               Hex            ###.....     6%          3    ###....

Your spell library contained the following spells:

 Spells                   Type           Power        Failure   Level  Hunger
 Cause Fear               Hex            ###.......   17%         4    ####...
 Beastly Appendage        Tmut           #.....       19%         1    None
 Sting                    Tmut/Pois      #...         19%         1    None
 Poisonous Vapours        Pois/Air       #.....       26%         2    #......
 Sticks to Snakes         Tmut           #.......     26%         2    #......
 Gell's Gravitas          Tloc           #.........   45%         3    ###....
 Ignite Poison            Fire/Tmut/Pois #.......     45%         3    ###....
 Mephitic Cloud           Conj/Pois/Air  #.......     45%         3    ###....
 Spider Form              Tmut/Pois      #.........   45%         3    ###....
 Metabolic Englaciation   Hex/Ice        ##........   82%         5    ######.
 Silence                  Hex/Air        ##........   82%         5    ######.
 Yara's Violent Unravell  Hex/Tmut       ##........   82%         5    ######.
 Ice Form                 Ice/Tmut       #.......     86%         4    ####...
 Olgreb's Toxic Radiance  Pois           #.......     86%         4    ####...
 Petrify                  Tmut/Erth      #.......     86%         4    ####...
 Blade Hands              Tmut           #.........   99%         5    ######.
 Deflect Missiles         Chrm/Air       #.........   100%        6    #######
 Discord                  Hex            ###.......   100%        8    #######


Dungeon Overview and Level Annotations

Branches:
Dungeon (15/15)            Temple (1/1) D:6            Lair (0/6) D:10
    Orc (0/2) D:10         Vaults (0/5) D:14        Gauntlet (visited)
 Depths: D:15

Altars:
Ashenzari
Cheibriados
Dithmenos
Elyvilon
Fedhas
Gozag
Hepliaklqana
Kikubaaqudgha
Makhleb
Nemelex Xobeh
Okawaru
Qazlal
Ru
Sif Muna
Trog
Uskayaw
Vehumet
Wu Jian
Xom
Yredelemnul
Zin
The Shining One

Shops:
D:5 }   D:6 [*!*=   D:13 [


Innate Abilities, Weirdness & Mutations

You are resistant to torment.
Your stone body is resilient. (AC +10)
You are immune to poison.
Your large and strong wings let you fly indefinitely.
You resist negative energy. (rN+)
You are resistant to electric shocks. (rElec)
You can survive without breathing.
You are immune to petrification.
You are immune to rotting.


Message History

The wraith is severely damaged.
The wizard hits you but does no damage. You block the wraith's attack.
You closely miss the wraith.
The wraith is severely damaged.
You block the wizard's attack. You block the wraith's attack.
You thump the wraith!
You destroy the wraith!
Okawaru accepts your kill.
The wizard howls an incantation.
The wizard glows brightly for a moment.
You block the wizard's attack.
You sock the wizard!
The wizard's magic leaks into the air.
The wizard is moderately wounded.
You block the wizard's attack. The wraith hits you but does no damage.
You closely miss the wizard.
The wizard is moderately wounded.
The wizard gestures at you while chanting.
The crystal spear hits you!!!
Ouch! That really hurt!
You die... #.......... #......... #........ ....... .....
ZZ.

#W# #@# #p# #.#
.#####.######.##
.................
#########.#######
#.# #.# #.# #.#


You could see a wizard, a wraith, a redback simulacrum and a centaur warrior
zombie.

Vanquished Creatures
  A minotaur (Gauntlet)
  Josephine (D:15)
  4 vault guards (D:14)
  Erolcha (D:10)
  2 hydras
  Fannar (D:10)
  Erica (D:10)
  A catoblepas (D:13)
  4 two-headed ogres (D:12)
  4 centaur warriors
  An ogre mage (D:12)
  4 skeletal warriors (D:13)
  A death drake (Gauntlet)
  3 unseen horrors
  Pikel (D:5)
  An orc knight (D:15)
  A deep elf mage (D:14)
  11 ugly things
  A moth of wrath (Gauntlet)
  A spectral centaur (Gauntlet)
  3 cyclopes
  2 centaur zombies
  2 gargoyles
  Psyche (D:10)
  3 centaur skeletons
  4 yaktaurs
  A redback zombie (Gauntlet)
  4 trolls
  A merfolk (D:11)
  A hornet (D:9)
  9 slime creatures
  6 hippogriffs
  A wyvern (D:14)
  Eustachio (D:4)
  4 wraiths
  3 redbacks (Gauntlet)
  27 yaks
  4 vampire mosquitoes (D:14)
  Grum (D:8)
  3 hungry ghosts
  A warg (D:15)
  A soldier ant (D:13)
  4 porcupines (D:10)
  9 ice beasts
  8 orc warriors
  A phantom (D:6)
  4 sky beasts
  4 slaves (D:5)
  A boggart (D:14)
  4 wolves (D:8)
  5 ogres
  12 centaurs
  4 crocodiles
  2 bullfrogs
  A gnoll sergeant (D:11)
  2 wyvern skeletons
  5 scorpions
  10 killer bees
  6 wights
  An electric eel (D:11)
  7 howler monkeys
  A bullfrog zombie (D:10)
  5 crimson imps
  A jelly (D:9)
  12 hounds
  9 orc priests
  2 bullfrog skeletons (D:12)
  Crazy Yiuf (D:3)
  An iguana (D:13)
  13 orc wizards
  10 worker ants
  A statue (D:4)
  A hound zombie (D:11)
  A hound skeleton (D:11)
  2 worker ant zombies
  8 adders
  8 gnolls
  2 shadow imps
  An adder zombie (D:7)
  3 adder skeletons
  3 worms (D:2)
  3 dart slugs
  5 leopard geckos
  42 orcs
  10 hobgoblins
  4 jackals
  A quokka (D:7)
  2 ball pythons
  5 bats
  3 frilled lizards
  2 giant cockroaches
  15 goblins
  A jackal zombie (D:7)
  4 kobolds
  9 rats
409 creatures vanquished.

Vanquished Creatures (others)
  A centaur skeleton (D:14)
  An orc wizard (D:7)
  3 withered plants (Gauntlet)
5 creatures vanquished.

Grand Total: 414 creatures vanquished

Notes
Turn   | Place    | Note
-------+----------+-------------------------------------------
     0 | D:1      | Borgoz the Gargoyle Fighter began the quest for the Orb.
     0 | D:1      | Reached XP level 1. HP: 14/14 MP: 1/1
   172 | D:1      | Reached XP level 2. HP: 17/19 MP: 2/2
   607 | D:1      | Reached XP level 3. HP: 23/23 MP: 3/3
  1366 | D:3      | Reached XP level 4. HP: 27/29 MP: 4/4
  1394 | D:3      | Found a shimmering altar of Xom.
  1395 | D:3      | Found a shimmering altar of Xom.
  1396 | D:3      | Found a shimmering altar of Xom.
  1399 | D:3      | Found a shimmering altar of Xom.
  1400 | D:3      | Found a shimmering altar of Xom.
  1648 | D:3      | Found a shimmering altar of Xom.
  1648 | D:3      | Found a shimmering altar of Xom.
  1649 | D:3      | Found a shimmering altar of Xom.
  1674 | D:3      | Found a runed translucent door.
  1675 | D:3      | Noticed Crazy Yiuf
  1949 | D:3      | Killed Crazy Yiuf
  1949 | D:3      | Reached XP level 5. HP: 33/33 MP: 5/5
  2221 | D:4      | Reached XP level 6. HP: 36/39 MP: 6/6
  2410 | D:4      | Found a radiant altar of Vehumet.
  2565 | D:4      | Noticed Eustachio
  2593 | D:4      | Killed Eustachio
  2593 | D:4      | Reached skill level 5 in Fighting
  2593 | D:4      | Reached skill level 5 in Armour
  2593 | D:4      | Reached skill level 5 in Shields
  2593 | D:4      | Reached XP level 7. HP: 27/44 MP: 7/7
  3028 | D:5      | Entered Level 5 of the Dungeon
  3519 | D:5      | Found a basalt altar of Yredelemnul.
  3537 | D:5      | Found a white marble altar of Elyvilon.
  3557 | D:5      | Reached XP level 8. HP: 41/51 MP: 8/8
  3647 | D:5      | Noticed Pikel
  3692 | D:5      | Reached skill level 5 in Maces & Flails
  3692 | D:5      | HP: 2/51 [Pikel/+0 whip of flaming (2)]
  3701 | D:5      | Killed Pikel
  3884 | D:5      | Found Cibbuh's Gadget Emporium.
  4012 | D:5      | Found an iron altar of Okawaru.
  4019 | D:5      | Became a worshipper of Warmaster Okawaru
  4164 | D:6      | Found Siges's General Store.
  4254 | D:6      | Reached XP level 9. HP: 50/56 MP: 9/9
  4265 | D:6      | Found Cifud's Distillery.
  4291 | D:6      | Found a staircase to the Ecumenical Temple.
  4315 | D:6      | Found Napyzy's Assorted Antiques.
  4328 | Temple   | Entered the Ecumenical Temple
  4583 | D:6      | Found Mauluff's Antique Armour Emporium.
  4698 | D:6      | Found Banamek's Jewellery Emporium.
  4708 | D:6      | Bought a +4 ring of strength for 297 gold pieces
  4756 | D:6      | Found an ornate altar of the Wu Jian Council.
  4958 | D:7      | Got a smelly chain mail
  4969 | D:7      | Identified the +7 chain mail of Moxzoiv {rCorr} (You found
                  | it on level 7 of the Dungeon)
  5655 | D:7      | Reached * piety under Okawaru
  5688 | D:7      | You fall into a shaft and drop 3 floors!
  5688 | D:10     | Entered Level 10 of the Dungeon
  5689 | D:10     | Noticed Erica
  5702 | D:10     | Killed Erica
  5702 | D:10     | Reached ** piety under Okawaru
  5707 | D:10     | Reached XP level 10. HP: 62/64 MP: 10/10
  6035 | D:10     | Noticed Psyche
  6058 | D:10     | Killed Psyche
  6058 | D:10     | Reached *** piety under Okawaru
  6377 | D:8      | Found a stormy altar of Qazlal.
  6428 | D:8      | Noticed Grum
  6464 | D:8      | Killed Grum
  6998 | D:7      | Reached **** piety under Okawaru
  7020 | D:7      | Found a shimmering blue altar of Sif Muna.
  7192 | D:8      | Found a burning altar of Makhleb.
  7192 | D:8      | Noticed a cacodemon
  7195 | D:8      | Noticed a smoke demon
  7285 | D:8      | Found a snail-covered altar of Cheibriados.
  7444 | D:9      | Found an iron altar of Okawaru.
  7848 | D:9      | Found a stormy altar of Qazlal.
  8205 | D:10     | Reached XP level 11. HP: 71/71 MP: 11/11
  8248 | D:10     | Noticed Fannar
  8605 | D:10     | Found a staircase to the Orcish Mines.
  8717 | D:11     | Found a gate leading to a gauntlet.
  8750 | D:11     | Reached ***** piety under Okawaru
  8776 | Gauntlet | Entered a Gauntlet
  8776 | Gauntlet | Found a transporter.
  8785 | Gauntlet | Found a transporter.
  8805 | Gauntlet | Found a transporter.
  8809 | Gauntlet | Found a transporter.
  8823 | Gauntlet | Found a transporter.
  8836 | Gauntlet | Found a transporter.
  8836 | Gauntlet | Noticed a moth of wrath
  8841 | Gauntlet | Found a transporter.
  8845 | Gauntlet | Found a transporter.
  8846 | Gauntlet | Noticed a death drake
  8868 | Gauntlet | Found a transporter.
  8868 | Gauntlet | Noticed a moth of wrath
  8868 | Gauntlet | an elephant changed into a moth of wrath
  8872 | Gauntlet | Noticed an orb spider
  8872 | Gauntlet | a golden eye changed into an orb spider
  8874 | Gauntlet | a moth of wrath changed into a hippogriff
  8880 | Gauntlet | an orb spider changed into a black bear
  8888 | Gauntlet | Found a transporter.
  8892 | Gauntlet | Found a transporter.
  8893 | Gauntlet | Noticed a cacodemon
  8900 | Gauntlet | Found a transporter.
  8984 | Gauntlet | Killed a death drake
  8984 | Gauntlet | Reached skill level 10 in Armour
  8984 | Gauntlet | Reached skill level 10 in Shields
  8990 | Gauntlet | Reached skill level 10 in Fighting
  9009 | Gauntlet | Got a heavily runed copper ring
  9044 | Gauntlet | Identified the ring "Muokh" {Wiz MR+} (You found it in a
                  | Gauntlet)
  9121 | Gauntlet | Killed a moth of wrath
  9141 | Gauntlet | Got an ancient ivory amulet
  9144 | Gauntlet | Noticed a manticore
  9144 | Gauntlet | a manticore changed into a redback
  9145 | Gauntlet | Noticed a swamp dragon
  9145 | Gauntlet | a redback changed into a swamp dragon
  9194 | Gauntlet | Noticed a minotaur
  9198 | Gauntlet | Identified the amulet "Alaochuy" {Acrobat rPois rF+++ MR-
                  | Int+4 SInv} (You found it in a Gauntlet)
  9229 | Gauntlet | Killed a minotaur
  9579 | Gauntlet | Got a faintly glowing halberd
  9596 | D:11     | Learned a level 1 spell: Confusing Touch
  9934 | D:11     | Reached skill level 1 in Spellcasting
  9934 | D:11     | Reached skill level 1 in Hexes
  9938 | D:11     | Received a gift from Okawaru
  9950 | D:11     | Got a warped mace {god gift}
  9956 | D:11     | Identified the +4 mace of the Bear {antimagic, *Drain
                  | +Blink rN+ MR+ Dex+3} (Okawaru gifted it to you on level 11
                  | of the Dungeon)
 10083 | D:11     | Noticed a cyclops
 10093 | D:11     | Killed a cyclops
 10336 | D:10     | Killed Fannar
 10409 | D:10     | Noticed Erolcha
 10421 | D:10     | Paralysed by Erolcha for 5 turns
 10442 | D:10     | Reached XP level 12. HP: 68/79 MP: 5/15
 10450 | D:10     | Killed Erolcha
 10855 | D:10     | Found a staircase to the Lair.
 10955 | D:12     | Noticed an ogre mage
 10955 | D:12     | Noticed a two-headed ogre
 10955 | D:12     | Noticed a two-headed ogre
 10955 | D:12     | Noticed a two-headed ogre
 10972 | D:12     | Killed a two-headed ogre
 10972 | D:12     | Reached ****** piety under Okawaru
 10981 | D:12     | Killed a two-headed ogre
 11007 | D:12     | Noticed a two-headed ogre
 11027 | D:12     | Killed an ogre mage
 11038 | D:12     | Killed a two-headed ogre
 11038 | D:12     | Received a gift from Okawaru
 11038 | D:12     | Reached skill level 10 in Maces & Flails
 11053 | D:12     | Killed a two-headed ogre
 11273 | D:12     | Learned a level 3 spell: Confuse
 11307 | D:12     | You fall into a shaft and drop 1 floor!
 11327 | D:13     | Noticed a centaur warrior
 11350 | D:13     | Killed a centaur warrior
 11483 | D:13     | Found Mufeek's Armour Shop.
 11572 | D:13     | Reached skill level 1 in Invocations
 11631 | D:13     | Noticed a catoblepas
 11658 | D:13     | Killed a catoblepas
 11661 | D:13     | Reached skill level 1 in Evocations
 11855 | D:13     | Reached XP level 13. HP: 84/84 MP: 4/18
 12395 | D:13     | Received a gift from Okawaru
 13783 | D:14     | Noticed a vault guard
 13783 | D:14     | Noticed a vault guard
 13784 | D:14     | Found a gate to the Vaults.
 13787 | D:14     | Noticed a vault guard
 13807 | D:14     | Killed a vault guard
 13823 | D:14     | Killed a vault guard
 13833 | D:14     | Killed a vault guard
 14031 | D:14     | Noticed a vault guard
 14070 | D:14     | Killed a vault guard
 14992 | D:12     | Reached skill level 5 in Hexes
 15060 | D:12     | Reached skill level 5 in Spellcasting
 15103 | D:12     | Gained mutation: Your large and strong wings let you fly
                  | indefinitely. [Gargoyle growth]
 15103 | D:12     | Reached XP level 14. HP: 65/92 MP: 7/21
 15354 | D:12     | Received a gift from Okawaru
 16274 | D:6      | Bought a scroll of remove curse for 84 gold pieces
 16274 | D:6      | Bought a potion of might for 112 gold pieces
 16274 | D:6      | Bought a scroll of teleportation for 84 gold pieces
 16274 | D:6      | Bought a potion of might for 112 gold pieces
 16294 | D:6      | Bought a potion of might for 60 gold pieces
 16294 | D:6      | Bought a potion of haste for 150 gold pieces
 16307 | D:6      | Bought a scroll of magic mapping for 49 gold pieces
 16691 | D:15     | Entered Level 15 of the Dungeon
 17441 | D:15     | Reached skill level 5 in Invocations
 17470 | D:15     | Noticed Josephine
 17502 | D:15     | Killed Josephine
 17510 | D:15     | Killed from afar by a wizard

Levels and vault maps discovered:
D:1:      minmay_arrival_stone_box, layout_loops_cross, hangedman_decor_opposing
D:2:      layout_loops_ring
D:3:      layout_rooms, xom_redecorated, uniq_crazy_yiuf_cottage
D:4:      layout_loops_corners, vehumet_statue, first_ration, uniq_eustachio
D:5:      layout_loops_cross, elyvilon_altar_1, lemuel_round_altar,
          lemuel_round_altar, serial_shops, nicolae_shop_waterfront,
          minmay_misc_feat_iff, uniq_pikel
D:6:      layout_rooms, kennysheep_mini, minmay_temple_entry_slanted,
          serial_shops, nicolae_shop_trees, nicolae_shop_crystal,
          shop_fountains, shop, shop, minivault_1
D:7:      layout_basic, lemuel_coloured_pillars_altar
D:8:      layout_loops_cross, kennysheep_mini_moat, makhleb_altar_promises_db,
          basic_altar, uniq_grum
D:9:      layout_roguey, nicolae_qazlal_general_emergency, basic_altar
D:10:     layout_basic, grunt_lair_entry_orc_guard_hut, orc_0_dummy, uniq_erica,
          uniq_fannar, uniq_psyche, uniq_erolcha
D:11:     layout_cave_pools, gauntlet_entry_generic, hangedman_fish_farm,
          lightli_minifort
D:12:     layout_basic
D:13:     layout_roguey, serial_shops, shop_coins, evilmike_butchery
D:14:     layout_layer_cave, lightli_vaults_fourway_checkpoint,
          chequers_serial_rivers_micro_c
D:15:     grunt_enter_depths_magical_seal, layout_small_grid,
          serial_park_tiny_2, minmay_alternating_orb, uniq_josephine
Temple:   minmay_temple_bridge_abc

Skill      XL: |  1  2  3  4  5  6  7  8  9 10 11 12 13 14 |
---------------+-------------------------------------------+-----
Shields        | 4 5 7 8 9 10 11 12 | 12.2
Armour         | 4 5 7 8 9 10 11 12 | 12.5
Fighting       | 4 5 6 8 9 10 11 12 | 12.6
Maces & Flails | 3 4 5 7 8 9 10 11 | 11.9
Spellcasting   | 2 3 5 |  5.0
Hexes          | 2 3 5 |  5.7
Invocations    | 1 4 5 |  5.0
Evocations     | 1 3 |  3.0

Action                   |  1- 3 |  4- 6 |  7- 9 | 10-12 | 13-15 || total
-------------------------+-------+-------+-------+-------+-------++-------
Melee: Flail             |   126 |   229 |   336 |       |       ||   691
       Morningstar       |       |       |    40 |   600 |       ||   640
       Unarmed           |       |       |       |     2 |       ||     2
       Mace              |       |       |       |   492 |   985 ||  1477
Throw: Throwing net      |       |       |       |     1 |     3 ||     4
 Cast: Confusing Touch   |       |       |       |       |     1 ||     1
Invok: Heroism           |       |       |       |     3 |     5 ||     8
       Finesse           |       |       |       |     1 |       ||     1
 Abil: Fly               |       |       |       |       |     1 ||     1
Evoke: Wand              |       |       |       |     2 |       ||     2
  Use: Scroll            |       |     6 |     6 |     8 |       ||    20
       Potion            |       |     1 |     6 |     7 |     4 ||    18
 Stab: Invisible         |       |       |     2 |     3 |       ||     5
       Held in net/web   |       |       |       |       |     2 ||     2
  Eat: Chunk             |     2 |     4 |     7 |    26 |     9 ||    48
       Ration            |       |       |     1 |     2 |     3 ||     6
Armor: Scale mail        |    57 |   158 |   136 |       |       ||   351
       Chain mail        |       |       |    91 |   675 |   535 ||  1301
       Plate armour      |       |       |       |    22 |       ||    22
Dodge: Dodged            |    30 |    84 |   130 |   344 |   260 ||   848
Block: Shield            |    51 |   174 |   201 |   771 |   607 ||  1804

Table legend:
 A = Non-vault XP
 B = Vault XP
 C = Vault XP percentage of total XP
 D = Non-vault monster count
 E = Vault monster count
 F = Vault count percentage of total count
                 A         B        C        D         E       F
            +---------+---------+-------+---------+---------+-------
      Total |   50287 |   17451 |  25.8 |     362 |      44 |  10.8
            +---------+---------+-------+---------+---------+-------
        D:1 |      36 |       0 |   0.0 |      22 |       0 |   0.0
        D:2 |      45 |       0 |   0.0 |      19 |       0 |   0.0
        D:3 |      78 |      37 |  32.2 |      22 |       1 |   4.3
        D:4 |     341 |     243 |  41.6 |      15 |       2 |  11.8
        D:5 |     726 |     685 |  48.5 |      13 |       1 |   7.1
        D:6 |     339 |       0 |   0.0 |       6 |       0 |   0.0
        D:7 |    1658 |       0 |   0.0 |      34 |       0 |   0.0
        D:8 |     665 |     646 |  49.3 |      12 |       5 |  29.4
        D:9 |    1237 |       0 |   0.0 |      15 |       0 |   0.0
       D:10 |    1811 |    4121 |  69.5 |      24 |      10 |  29.4
       D:11 |    2867 |     770 |  21.2 |      31 |       2 |   6.1
       D:12 |   15051 |       0 |   0.0 |      74 |       0 |   0.0
       D:13 |   13818 |       0 |   0.0 |      40 |       0 |   0.0
       D:14 |    5890 |    5386 |  47.8 |      20 |      11 |  35.5
       D:15 |    5725 |    1618 |  22.0 |      15 |       4 |  21.1
   Gauntlet |       0 |    3945 | 100.0 |       0 |       8 | 100.0
            +---------+---------+-------+---------+---------+-------
